 Dungeon Crawl Stone Soup version 0.17.1-3-g152610e (webtiles) character file.

23915 dobroeutro the Protected (level 13, -2/77 HPs)
             Began as a Gargoyle Fighter on Apr 25, 2016.
             Was a High Priest of the Shining One.
             Slain by a death yak (10 damage)
             ... on level 3 of the Lair of Beasts.
             The game lasted 00:36:31 (14442 turns).

dobroeutro the Protected (Gargoyle Fighter)        Turns: 14442, Time: 00:36:31

Health: -2/77      AC: 31    Str: 20    XL:     13   Next: 9%
Magic:  13/13      EV: 10    Int: 11    God:    the Shining One [*****.]
Gold:   824        SH: 13    Dex: 10    Spells: 0 memorised, 12 levels left

rFire  . . .     SeeInvis .     N - +3 flail (protect)
rCold  . . .     Clarity  .     b - +0 scale mail
rNeg   + + +     SustAt   .     c - +1 shield
rPois  ∞         Gourm    .     k - +0 helmet
rElec  +         Spirit   .     x - +0 cloak
rCorr  .         Warding  .     X - +2 pair of gloves
rMut   .         Stasis   .     T - +0 pair of boots
MR     .....                    (no amulet)
Stlth  ..........               (no ring)
                                L - ring of invisibility

@: glowing, not resistant to hostile enchantments, extremely unstealthy
A: frail 1, negative energy resistance 1, electricity resistance, weak 1,
unbreathing, petrification resistance, rot immunity, AC +9
a: Divine Shield, Cleansing Flame, Summon Divine Warrior, Renounce Religion,
Evoke Invisibility


You were on level 3 of the Lair of Beasts.
You worshipped the Shining One.
The Shining One was extremely pleased with you.
You were not hungry.

You visited 2 branches of the dungeon, and saw 16 of its levels.

You collected 904 gold pieces.
You spent 80 gold pieces at shops.

Inventory:

Hand Weapons
 N - a +3 flail of protection (weapon)
Missiles
 f - 4 silver tomahawks (quivered)
Armour
 b - a +0 scale mail (worn)
 c - a +1 shield (worn)
 k - a +0 helmet (worn)
 x - a +0 cloak (worn)
 T - a +0 pair of boots (worn)
 X - a +2 pair of gloves (worn)
Jewellery
 a - an uncursed ring of ice
 L - a ring of invisibility (left hand)
Wands
 u - a wand of fire (8)
 y - a wand of paralysis (13)
 A - a wand of frost (30)
 E - a wand of frost (22)
 F - a wand of magic darts (28)
 J - a wand of slowing (33)
 M - a wand of disintegration (16)
 W - a wand of random effects (17)
Scrolls
 g - a scroll of fog
 h - 6 scrolls of remove curse
 i - 7 scrolls of noise
 j - 3 scrolls of magic mapping
 n - 8 scrolls of identify
 o - 5 scrolls of teleportation
 q - 5 scrolls of blinking
 r - 4 scrolls of enchant weapon
 s - 3 scrolls of fear
 v - 2 scrolls of enchant armour
 C - a scroll of recharging
 Q - a scroll of vulnerability
 U - a scroll of torment {unknown}
 V - a scroll of amnesia {unknown}
Potions
 l - a potion of resistance
 m - 5 potions of curing
 w - a potion of agility
 z - 2 potions of brilliance
 G - a potion of invisibility
 H - 3 potions of poison
 I - a potion of flight
 O - a potion of degeneration
 P - 3 potions of heal wounds
 R - a potion of cancellation
 S - a potion of berserk rage
Books
 d - a book of Beasts

   Spells                             Type                      Level
   a - Summon Butterflies             Summoning                    1
   b - Call Canine Familiar           Summoning                    3
   c - Summon Ice Beast               Ice/Summoning                4
   d - Summon Mana Viper              Hexes/Summoning              5
   e - Summon Hydra                   Summoning                    7
Comestibles
 e - 5 bread rations
 p - 12 beef jerkies
 t - 7 meat rations
 B - a slice of pizza
 D - 18 fruits


   Skills:
 + Level 12.1 Fighting
 + Level 10.9 Maces & Flails
 + Level 12.2 Armour
 + Level 2.3 Dodging
 + Level 11.9 Shields


You had 12 spell levels left.
You didn't know any spells.

Dungeon Overview and Level Annotations

Branches:
Dungeon (12/15)            Temple (0/1) D:7            Lair (4/8) D:10
  Swamp: Lair:3-6    Shoals: Lair:3-6     Snake: Lair:3-6    Spider: Lair:3-6
    Orc: D:9-12

Altars:
Ashenzari
Dithmenos
Elyvilon
Gozag
Makhleb
Qazlal
Ru
Vehumet
Xom
Yredelemnul
Zin
The Shining One

Shops:
D:5 *   D:6 (   D:11 (

Annotations:
D:10 exclusion: obsidian statue
Lair:2 exclusion: oklob plant


Innate Abilities, Weirdness & Mutations

You are resistant to torment.
Your stone body is resilient (AC +9).
You are immune to poison.
You resist negative energy.
You are resistant to electric shocks.
You can survive without breathing.
You are immune to petrification.
You are immune to rotting.
You are frail (-10% HP).
You are weak. (Str -2)


Message History

You sock the death yak!
The death yak is severely wounded.
The death yak gores you.
* * * LOW HITPOINT WARNING * * *
You hit the death yak but do no damage.
The death yak is severely wounded.
The death yak gores you.
* * * LOW HITPOINT WARNING * * *
You barely miss the death yak.
The death yak is severely wounded.
You hit the death yak but do no damage.
The death yak is severely wounded.
The death yak gores you!
* * * LOW HITPOINT WARNING * * *
The death yak gores you but does no damage.
There is an open door here.
You hit the death yak but do no damage.
The death yak is heavily wounded.
The death yak gores you!
You die...

# ##......### ##..## #.........
####........####<..### #.......##
.#...........##...P..###P......##
#.......[.8....#...............#.
##....#........##.............##.
##..##..#......#...###.##.##....
##..#.###...8..#########..###..
##...............#.8..#.[..###.
#..+..........@.#...(......##..
#.##...8..8.>Y8.'..>.8.....)...
#...............#....[#....(...
##..............##.8.##........
##.#.#......8..###.#.###.......
#..#####......## ##### ##......
#...#........## ##.....
##.......8...## #.....
##...#.......## #.....


You could see a death yak.

Vanquished Creatures
  Snorg (D:11)
  Erolcha (D:11)
  2 hydras
  A catoblepas (Lair:3)
  Nergalle (D:10)
  An unseen horror (D:10)
  A hill giant (D:11)
  The ghost of braveplatypus the Twirler, a novice FoGl of Trog (D:6)
  A cyclops (D:11)
  2 ugly things (D:11)
  A griffon (Lair:2)
  2 black mambas
  A gargoyle (D:10)
  5 spiny frogs
  A komodo dragon (Lair:1)
  A troll (D:10)
  A trapdoor spider zombie (D:11)
  4 blink frogs (Lair:2)
  Sigmund (D:6)
  2 wraiths
  26 yaks
  A wyvern (D:9)
  A shadow (D:11)
  A steam dragon (Lair:3)
  2 hippogriffs
  2 hungry ghosts
  3 water moccasins
  3 orc warriors
  11 porcupines
  An eye of draining (D:11)
  An ice beast (D:8)
  5 sky beasts
  A wasp (D:10)
  A necrophage (D:10)
  4 phantoms
  A centaur (D:8)
  7 ogres
  9 crocodiles
  A big kobold (D:11)
  12 giant frogs
  A gnoll sergeant (D:5)
  A water moccasin zombie (D:8)
  A wyvern zombie (D:11)
  2 wyvern skeletons
  2 scorpions
  6 killer bees
  3 crimson imps
  4 hounds
  A giant frog zombie (D:7)
  A centaur zombie (D:7)
  5 jellies
  2 centaur skeletons (D:5)
  10 orc priests
  2 giant frog skeletons
  12 iguanas
  6 orc wizards
  8 worker ants
  Natasha (D:2)
  A hound skeleton (D:9)
  2 worker ant zombies
  6 gnolls
  31 river rats
  11 adders
  4 shadow imps
  2 oozes
  2 adder skeletons
  3 adder zombies
  A worm (D:6)
  29 orcs
  8 bats
  4 giant cockroaches
  10 hobgoblins
  20 jackals
  19 kobolds
  3 quokkas
  2 ball pythons
  5 giant geckos
  2 giant gecko skeletons
  6 giant newts
  4 goblins
  A jackal skeleton (D:5)
  A quokka skeleton (D:5)
  13 rats
382 creatures vanquished.

Vanquished Creatures (collateral kills)
  A spiny frog (Lair:1)
1 creature vanquished.

Vanquished Creatures (others)
  A two-headed ogre (D:8)
  An ogre (D:8)
  A big kobold (D:8)
  A killer bee (D:8)
  An orc (D:8)
  5 fungi (D:10)
  2 plants (D:10)
12 creatures vanquished.

Grand Total: 395 creatures vanquished

Notes
Turn   | Place    | Note
--------------------------------------------------------------
     0 | D:1      | dobroeutro the Gargoyle Fighter began the quest for the Orb.
     0 | D:1      | Reached XP level 1. HP: 14/14 MP: 1/1
   158 | D:1      | Reached XP level 2. HP: 14/19 MP: 2/2
   594 | D:2      | Reached XP level 3. HP: 23/23 MP: 3/3
   805 | D:2      | Reached skill level 4 in Armour
   805 | D:2      | Reached XP level 4. HP: 25/29 MP: 4/4
   840 | D:2      | Noticed Natasha
  1270 | D:2      | Killed Natasha
  1503 | D:2      | Reached XP level 5. HP: 29/33 MP: 5/5
  2171 | D:3      | Reached XP level 6. HP: 37/39 MP: 6/6
  2629 | D:4      | Found a glowing golden altar of the Shining One.
  2651 | D:4      | Became a worshipper of the Shining One
  2681 | D:4      | Found a stormy altar of Qazlal.
  2800 | D:4      | Found a shadowy altar of Dithmenos.
  3017 | D:5      | Entered Level 5 of the Dungeon
  3029 | D:5      | Reached skill level 5 in Fighting
  3029 | D:5      | Reached skill level 5 in Armour
  3035 | D:5      | Reached XP level 7. HP: 31/44 MP: 7/7
  3044 | D:4      | Reached skill level 5 in Shields
  3177 | D:5      | Found Beuptahaat's General Store.
  3371 | D:5      | Found a radiant altar of Vehumet.
  3477 | D:5      | Reached * piety under the Shining One
  3703 | D:6      | Found a basalt altar of Yredelemnul.
  3716 | D:6      | Noticed Sigmund
  3733 | D:6      | Killed Sigmund
  3733 | D:6      | Reached XP level 8. HP: 46/51 MP: 8/8
  3798 | D:5      | Reached skill level 6 in Fighting
  3971 | D:5      | Reached skill level 5 in Maces & Flails
  4333 | D:6      | Found a white marble altar of Elyvilon.
  4491 | D:6      | Found a sacrificial altar of Ru.
  4630 | D:6      | Noticed braveplatypus's ghost (novice FoGl)
  4670 | D:6      | Killed braveplatypus's ghost
  4670 | D:6      | Reached skill level 7 in Fighting
  4670 | D:6      | Reached XP level 9. HP: 35/57 MP: 9/9
  4727 | D:6      | Found Niumu's Antique Weapon Boutique.
  4730 | D:6      | Bought a runed flail for 80 gold pieces
  4982 | D:7      | Reached ** piety under the Shining One
  4993 | D:7      | Found a shattered altar of Ashenzari.
  5054 | D:7      | Found a staircase to the Ecumenical Temple.
  5340 | D:8      | Found a shimmering altar of Xom.
  5378 | D:8      | Found a burning altar of Makhleb.
  5381 | D:8      | Noticed a cacodemon
  5412 | D:8      | Found a glowing silver altar of Zin.
  5440 | D:8      | Gained mutation: You are frail (-10% HP). [mutagenic meat]
  5449 | D:8      | Found an opulent altar of Gozag.
  5543 | D:8      | Reached skill level 8 in Fighting
  5570 | D:8      | Reached *** piety under the Shining One
  6306 | D:8      | Reached XP level 10. HP: 38/58 MP: 10/10
  6594 | D:8      | Got a bloodstained robe
  6605 | D:8      | Identified the cursed -5 robe of Misfortune {-Cast *Contam *Tele EV-4 Str-2 Int-2 Dex-2 Stlth-- *Curse} (You found it on level 8 of the Dungeon)
  6705 | D:9      | Gained mutation: You are weak. (Str -2) [mutagenic glow]
  7464 | D:10     | Entered Level 10 of the Dungeon
  7560 | D:10     | Reached skill level 9 in Armour
  7699 | D:10     | Found a staircase to the Lair.
  7704 | D:10     | Reached XP level 11. HP: 11/63 MP: 11/11
  7717 | D:10     | Reached **** piety under the Shining One
  8139 | D:9      | Reached skill level 10 in Armour
  8173 | D:10     | Reached skill level 10 in Fighting
  8382 | D:10     | Noticed an unseen horror
  8382 | D:10     | Noticed an obsidian statue
  8396 | D:10     | Killed an unseen horror
  8396 | D:10     | Reached skill level 10 in Shields
  8671 | D:10     | Noticed Nergalle
  8714 | D:10     | Noticed a spectral orc warlord
  8723 | D:10     | Killed Nergalle
  9068 | D:11     | Noticed a hill giant
  9083 | D:11     | Killed a hill giant
  9244 | D:11     | Noticed Erolcha
  9254 | D:11     | Paralysed by Erolcha for 6 turns
  9265 | D:11     | Killed Erolcha
  9332 | D:11     | Reached ***** piety under the Shining One
  9470 | D:11     | Reached skill level 11 in Fighting
  9470 | D:11     | Reached XP level 12. HP: 42/72 MP: 12/12
 10020 | D:11     | Noticed Snorg
 10118 | D:11     | Killed Snorg
 10118 | D:11     | Reached skill level 10 in Maces & Flails
 10451 | D:11     | Found Rastiest's Antique Weapon Emporium.
 10527 | D:12     | Noticed a seven-headed hydra
 10652 | Lair:1   | Entered Level 1 of the Lair of Beasts
 12656 | Lair:3   | Noticed a catoblepas
 12988 | Lair:3   | Noticed a six-headed hydra
 13016 | Lair:3   | Killed a six-headed hydra
 13016 | Lair:3   | Reached skill level 1 in Dodging
 13021 | Lair:2   | HP: 3/72 [griffon (7)]
 13671 | Lair:3   | Reached skill level 12 in Armour
 13695 | Lair:3   | Killed a catoblepas
 14061 | Lair:3   | Reached XP level 13. HP: 70/77 MP: 13/13
 14283 | Lair:4   | Identified a +0 rod of destruction (10/10) (You found it on level 4 of the Lair of Beasts)
 14442 | Lair:3   | Slain by a death yak

Action                   |  1- 3 |  4- 6 |  7- 9 | 10-12 | 13-15 || total
-------------------------+-------+-------+-------+-------+-------++-------
Melee: Flail             |   100 |   322 |   471 |  1079 |    61 ||  2033
  Use: Potion            |       |     4 |     1 |     5 |       ||    10
       Scroll            |       |       |       |    23 |       ||    23
 Stab: Confused          |       |       |     1 |       |       ||     1
  Eat: Chunk             |       |     7 |    10 |    10 |       ||    27
       Bread ration      |       |       |     2 |     4 |       ||     6
